 Dungeon Crawl Stone Soup version 0.18-a0-1692-g516f9e9 (webtiles) character file.

490 4thArraOfDagon the Chopper (level 7, -3/56 HPs)
             Began as a Formicid Fighter on Apr 5, 2016.
             Was an Initiate of Ru.
             Slain by a wyvern (8 damage)
             ... on level 9 of the Dungeon.
             The game lasted 00:03:27 (495 turns).

4thArraOfDagon the Chopper (Formicid Fighter)        Turns: 495, Time: 00:03:28

Health: -3/56      AC:  7    Str: 21    XL:     7   Next: 37%
Magic:  7/7        EV:  8    Int:  9    God:    Ru [......]
Gold:   57         SH:  9    Dex: 10    Spells: 0 memorised, 6 levels left

rFire  . . .     SeeInvis +     a - +0 war axe
rCold  . . .     Gourm    .     b - +0 scale mail
rNeg   . . .     Faith    .     c - +0 shield
rPois  .         Spirit   .     (helmet unavailable)
rElec  .         Dismiss  .     (no cloak)
rCorr  .         Reflect  .     (no gloves)
SustAt .         Harm     .     (no boots)
MR     .....                    (no amulet)
Stlth  ..........               (no ring)
                                (no ring)

@: not resistant to hostile enchantments, extremely unstealthy
A: permanent stasis, dig shafts and tunnels, four strong arms, antennae 3
a: Dig, Shaft Self, Renounce Religion


You were on level 9 of the Dungeon.
You worshipped Ru.
Ru was noncommittal.
You were very hungry.

You visited 1 branch of the dungeon, and saw 9 of its levels.

You collected 57 gold pieces.

Inventory:

Hand Weapons
 a - a +0 war axe (weapon)
Armour
 b - a +0 scale mail (worn)
 c - a +0 shield (worn)
Wands
 g - a wand of digging (18/24)
Scrolls
 e - 2 scrolls of fear {unknown}
 j - a scroll of remove curse {unknown}
 k - a scroll of vulnerability {unknown}
Potions
 h - 2 potions of degeneration
Books
 i - a book of Annihilations

   Spells                             Type                      Level
   a - Poison Arrow                   Conjuration/Poison           6
   b - Chain Lightning                Conjuration/Air              8
   c - Lehudib's Crystal Spear        Conjuration/Earth            8
   d - Glaciate                       Conjuration/Ice              9
   e - Fire Storm                     Conjuration/Fire             9
Comestibles
 f - 2 bread rations


   Skills:
 + Level 5.1 Fighting
 * Level 5.5 Axes
 + Level 5.1 Armour
 - Level 3.6 Shields


You had 6 spell levels left.
You didn't know any spells.

Dungeon Overview and Level Annotations

Branches:
Dungeon (8/15)
 Temple: D:4-7         Lair: D:8-11

Altars:
Ashenzari
Ru
Trog

Shops:
D:7 (


Innate Abilities, Weirdness & Mutations

You are under a permanent stasis effect.
You can dig through walls and to a lower floor.
Your four strong arms can wield two-handed weapons with a shield.
You have a pair of large antennae on your head (SInv).


Message History

The wyvern is heavily wounded.
The wyvern bites you!
* * * LOW HITPOINT WARNING * * *
The wyvern barely misses you.
You are too injured to fight recklessly!
Unknown command.
You hit the wyvern.
The wyvern is heavily wounded.
You block the wyvern's attack. x2
Unknown command.
Your shield prevents you from hitting the wyvern.
The wyvern is heavily wounded.
The wyvern bites you but does no damage.
The wyvern barely misses you.
Unknown command.
You barely miss the wyvern.
The wyvern is heavily wounded.
You are feeling very hungry.
The wyvern bites you!
You die...

. .#....##.lP .
......r{..
#.#.(.......
#.#....... {{{
.......
#...######+#
#..........#####
##..............
#.....l@.#
#.....†..+
#........#
#........#
#........#
#........#
#........#
#........#
#####+####


You could see a wyvern.

Vanquished Creatures
  A hungry ghost (D:7)
  2 ice beasts
  A centaur (D:6)
  A hound (D:5)
  An orc priest (D:7)
  2 adders (D:6)
  A giant gecko (D:6)
  4 orcs (D:7)
  A giant cockroach (D:2)
  A hobgoblin (D:2)
  A bat (D:2)
  2 giant newts (D:5)
  2 rats
20 creatures vanquished.

Notes
Turn   | Place    | Note
--------------------------------------------------------------
     0 | D:1      | 4thArraOfDagon the Formicid Fighter began the quest for the Orb.
     0 | D:1      | Reached XP level 1. HP: 18/18 MP: 1/1
    10 | D:1      | You fall through a shaft!
    67 | D:3      | You fall through a shaft for 3 floors!
    73 | D:5      | Entered Level 5 of the Dungeon
    75 | D:5      | Found a shattered altar of Ashenzari.
    76 | D:5      | Noticed an ogre
    90 | D:6      | Reached XP level 2. HP: 12/24 MP: 2/2
   103 | D:6      | Noticed an ice beast
   104 | D:6      | Noticed a centaur
   112 | D:6      | Killed a centaur
   112 | D:6      | Reached XP level 3. HP: 18/30 MP: 3/3
   112 | D:6      | Reached XP level 4. HP: 22/37 MP: 4/4
   114 | D:6      | Killed an ice beast
   114 | D:6      | Reached XP level 5. HP: 26/43 MP: 5/5
   122 | D:6      | Found a sacrificial altar of Ru.
   130 | D:6      | Became a worshipper of Ru the Awakened
   176 | D:7      | Reached XP level 6. HP: 15/49 MP: 6/6
   178 | D:7      | HP: 1/49 [orc priest/divine providence (15)]
   192 | D:7      | Noticed a hungry ghost
   200 | D:7      | Killed a hungry ghost
   200 | D:7      | Reached skill level 5 in Axes
   253 | D:6      | Reached XP level 7. HP: 12/55 MP: 7/7
   276 | D:5      | Found a bloodstained altar of Trog.
   287 | D:5      | Reached skill level 5 in Fighting
   287 | D:5      | Reached skill level 5 in Armour
   391 | D:5      | You fall through a shaft for 2 floors!
   435 | D:7      | Found Nuot's Antique Weapon Emporium.
   469 | D:7      | You fall through a shaft for 2 floors!
   480 | D:9      | Noticed a wyvern
   495 | D:9      | Slain by a wyvern

Vault maps used:
D:1:      dpeg_arrival_more_subterranean_lakeside_camping,
          hangedman_glass_teeth, serial_bayou_lagoon_a
D:2:      first_bread
D:3:      old_standard_altar, ecumenical_altar_2
D:4:      elyvilon_altar_4, uniq_grinder
D:5:      grunt_temple_overflow_magic_moments, kennysheep_mini, bloody_trog,
          uniq_duvessa
D:6:      nicolae_overflow_crystal_walls, lemuel_coloured_pillars_altar,
          grunt_gozag_breadcrumbs, lemuel_temple_firewalk_marked, serial_glass,
          glass_columns_c, glass_columns_a, glass_columns_b, glass_columns_a,
          glass_columns_c, uniq_menkaure
D:7:      serial_shops, shop, uniq_pikel
D:8:      kennysheep_little_box, grunt_qazlal_clouds, grunt_livestock
D:9:      kennysheep_mini_moat, lemuel_crystal_altar,
          grunt_lair_entry_orc_guard_hut, hiddenorc1_lemuel,
          nrook_guardian_serpent_double

Skill      XL: |  1  2  3  4  5  6  7 |
---------------+----------------------+-----
Axes           | 3 4 5 |  5.5
Armour         | 4 5 |  5.1
Fighting       | 4 5 |  5.1
Shields        | |  3.6

Action                   |  1- 3 |  4- 6 |  7- 9 || total
-------------------------+-------+-------+-------++-------
Melee: War axe           |    10 |    17 |    24 ||    51
 Abil: Shaft Self        |     2 |       |     2 ||     4
       Dig               |       |       |     3 ||     3
  Use: Potion            |     2 |     1 |     3 ||     6
 Stab: Invisible         |       |       |     2 ||     2
  Eat: Chunk             |       |     2 |     1 ||     3
